 Dungeon Crawl Stone Soup version 0.29.0-15-g675c0067aa (webtiles) character file.

Game seed: 4418092759434798543

74167 qw the Warrior (level 15, -4/147 HPs)
             Began as a Minotaur Berserker on Sept 12, 2022.
             Was an Elder of Trog.
             Slain by Donald
             ... wielding a +2 scimitar of holy wrath
              (38 damage)
             ... on level 2 of the Orcish Mines.
             The game lasted 00:08:41 (28422 turns).

qw the Warrior (Minotaur Berserker)                Turns: 28422, Time: 00:08:41

Health: -4/147     AC: 30    Str: 31      XL:     15   Next: 6%
Magic:  0/14       EV: 10    Int:  9 (10) God:    Trog [****..]
Gold:   1939       SH: 14    Dex: 11      Spells: 14/14 levels left

rFire   + . .      SeeInvis .   Y - +5 war axe (vorpal)
rCold   . . .      Faith    .   n - +1 kite shield {AC+3}
rNeg    . . .      Spirit   +   t - +3 plate armour
rPois   +          Reflect  .   c - +2 hat {Will+}
rElec   .          Harm     .   a - +1 cloak
rCorr   .          Rampage  .   m - +2 pair of gloves {Stlth+}
Will    ++...                   (no boots)
Stlth   ..........              e - amulet of guardian spirit
HPRegen 0.34/turn               h - ring "Butadoge" {rPois Str+3 Int+6}
MPRegen 0.14/turn               y - ring "Iblyenn" {Fly rF+}

@: about to teleport, on berserk cooldown, flying, slowed, very slow
A: horns 2, retaliatory headbutt
a: Renounce Religion, Berserk, Trog's Hand, Brothers in Arms


You were on level 2 of the Orcish Mines.
You worshipped Trog.
Trog was greatly pleased with you.
You visited 3 branches of the dungeon, and saw 22 of its levels.
You also visited: Ossuary.

You collected 1939 gold pieces.


Innate Abilities, Weirdness & Mutations

You have a pair of horns on your head.
You reflexively headbutt those who attack you in melee.


   Skills:
 - Level 17.0 Fighting
 - Level 16.0 Axes
 - Level 7.0 Throwing
 - Level 14.0 Armour
 - Level 7.0 Dodging
 + Level 15.0 Shields


You had 14 spell levels left.
You didn't know any spells.
Your spell library was empty.

Inventory:

Hand Weapons
 u - a +0 demon whip of venom
 Y - a +5 vorpal war axe (weapon)
Missiles
 g - 4 boomerangs
 x - 4 javelins (quivered)
Armour
 a - a +1 cloak (worn)
 c - a +2 hat of willpower (worn)
 m - a +2 pair of gloves of stealth (worn)
 n - a +1 kite shield of protection (worn)
 t - a +3 plate armour (worn)
Jewellery
 e - an amulet of guardian spirit (around neck)
 h - the ring "Butadoge" (left hand) {rPois Str+3 Int+6}
   (You found it on level 7 of the Dungeon)

   [ring of intelligence]

   Str:       It affects your strength (+3).
   Int:       It affects your intelligence (+6).
   rPois:     It protects you from poison.
 k - an amulet of the acrobat
 q - a ring of poison resistance
 s - a ring of protection from fire
 v - a +4 ring of evasion
 y - the ring "Iblyenn" (right hand) {Fly rF+}
   (You found it on level 5 of the Lair of Beasts)

   [ring of protection from fire]

   rF:        It protects you from fire.
   Fly:       It grants you flight.
Scrolls
 b - 5 scrolls of teleportation
 d - 8 scrolls of identify
Potions
 i - 17 potions of curing
 j - 4 potions of mutation
 o - 3 potions of resistance
 r - 3 potions of haste
 z - a potion of cancellation

Dungeon Overview and Level Annotations

Branches:
Dungeon (15/15)            Temple (0/1) D:7            Lair (5/5) D:9
 Shoals (0/4) Lair:3       Spider (0/4) Lair:3        Slime (0/5) Lair:5
    Orc (2/2) D:10            Elf (0/3) Orc:2        Vaults (0/5) D:14
 Depths (0/4) D:15        Ossuary (visited)

Altars:
Ashenzari
Fedhas
Gozag
Kikubaaqudgha
Nemelex Xobeh
Okawaru
Qazlal
Ru
Sif Muna
Trog
Jiyva

Shops:
Orc:2 =(*

Annotations:
D:3 1 runed translucent door, Crazy Yiuf
D:9 3 runed translucent doors, qw's ghost, novice MiBe
Lair:2 3 runed translucent doors, qw's ghost, journeyman MiBe
Orc:2 Donald; Maurice


Message History

You swing at nothing.
You swing at nothing.
Something hits you.
Something steals your +4 ring of protection!
You swing at nothing.
Something hits you but does no damage.
You swing at nothing.
You hear a zap.
Something tries to affect you, but you resist.
You swing at nothing.
You hear a zap.
Something tries to affect you, but you resist.
You swing at nothing.
You hear a zap.
Something tries to affect you, but you resist.
The now-empty wand crumbles to dust.
You swing at nothing.
Maurice appears from thin air!
Reactivating autopickup.
Maurice hits you from afar with a +0 glaive.
Maurice steals your wand of digging (10)!
Maurice hits you but does no damage.
28418 ||| READING 7 scrolls of teleportation.
As you read the scroll of teleportation, it crumbles to dust.
You feel strangely unstable. You block Maurice's attack.
Your surroundings suddenly seem different.
The ice devil hits you but does no damage.
28420 ||| READING 6 scrolls of teleportation.
As you read the scroll of teleportation, it crumbles to dust.
You feel strangely unstable.
Donald says, "The other people here are really rude."
You block the ice devil's attack.
You hit the ice devil but do no damage.
The ice devil is lightly wounded.
The ice devil disappears in a puff of smoke!
You slash Donald! You headbutt Donald!
Donald is moderately wounded.
Donald hits you with a +2 scimitar of holy wrath!!!
You die...

.o........$....<..
.....PP............
...P...............
#.............>....
#....8.............
#..................
##.....\).........@.
##.......)..P..##....
#...@@)[.............
#...ยค...............P
#......).P....^.#....
##.....P.............
##...$#.###.#.......
#........# ###...
#........## #.........
#...####..


You could see Donald (strong, reflecting).

Vanquished Creatures
  Gastronok (Lair:3)
  An orc warlord (Orc:2)
  Nessos (D:12)
  Josephine (D:15)
  5 boulder beetles
  Harold (D:10)
  A catoblepas (Lair:1)
  An ogre mage (D:15)
  Erica (D:8)
  5 two-headed ogres
  2 centaur warriors (D:15)
  3 death yaks (Lair:4)
  2 orc high priests (Orc:2)
  4 tengu warriors (D:13)
  Sonja (Lair:3)
  Amaemon (Lair:3)
  Nergalle (D:11)
  A lindwurm (Lair:5)
  A wolf spider zombie (D:15)
  2 necromancers
  2 orc knights (Orc:2)
  3 deep elf pyromancers
  15 ugly things
  5 orc sorcerers
  2 deep elf zephyrmancers (D:15)
  3 cyclopes
  4 manticores
  A torpor snail (Lair:5)
  A gargoyle (D:11)
  An orange demon (Lair:3)
  12 cane toads
  3 black mambas
  2 unseen horrors (D:11)
  A centaur skeleton (D:15)
  A kobold demonologist (D:11)
  10 komodo dragons
  Maggie (D:7)
  Psyche (D:8)
  A rime drake (Lair:5)
  A tengu conjurer (D:13)
  A freezing wraith (D:15)
  5 trolls
  A blink frog (Lair:1)
  8 polar bears
  14 slime creatures
  Grinder (D:4)
  3 hornets (Lair:5)
  Prince Ribbit (D:6)
  2 dream sheep (Lair:5)
  A culicivora (shapeshifter) (D:10)
  33 yaks
  2 vampires
  12 spriggans (Lair:5)
  A water elemental (D:11)
  4 wyverns
  5 wraiths
  3 shadows
  Eustachio (D:6)
  A hog (shapeshifter) (D:14)
  A redback (Lair:3)
  2 fire bats (Lair:2)
  2 basilisks
  Grum (D:8)
  A warg (Orc:2)
  Menkaure (D:6)
  4 acid dragons
  15 water moccasins
  11 orc warriors
  2 sky beasts (D:7)
  3 black bears
  5 boggarts (Lair:5)
  5 centaurs
  5 ogres
  19 wolves
  Blork the orc (D:5)
  3 kobold brigands
  6 bullfrogs
  A scorpion (D:5)
  A necrophage (D:4)
  2 gnoll sergeants
  5 killer bees (D:8)
  2 electric eels (D:11)
  9 howler monkeys
  3 jellies (D:5)
  10 orc priests
  A gnoll bouda (D:4)
  3 hounds (D:5)
  2 iguanas (D:5)
  Natasha (twice) (D:4)
  A boggart zombie (D:15)
  14 orc wizards
  5 hell rats (Lair:4)
  8 mummies (Ossuary)
  Robin (D:4)
  7 adders
  10 gnolls
  2 shadow imps (D:7)
  2 white imps
  An ufetubus (D:5)
  3 worms
  4 dart slugs
  39 orcs
  6 ball pythons
  9 endoplasms
  4 giant cockroaches
  A gnoll zombie (Ossuary)
  18 goblins
  13 hobgoblins
  5 quokkas
  5 bats
  2 frilled lizards
  2 hobgoblin zombies (Ossuary)
  12 kobolds
  4 kobold zombies (Ossuary)
  An orc zombie (Ossuary)
  4 rats
  2 rat zombies (D:6)
518 creatures vanquished.

Vanquished Creatures (collateral kills)
  A hydra (Lair:5)
  A gnoll (D:9)
2 creatures vanquished.

Vanquished Creatures (others)
  27 fungi
  34 plants
61 creatures vanquished.

Grand Total: 581 creatures vanquished

Notes
Turn   | Place    | Note
-------+----------+-------------------------------------------
     0 | D:1      | qw the Minotaur Berserker began the quest for the Orb.
     0 | D:1      | Reached XP level 1. HP: 19/19 MP: 0/0
     0 | D:1      | 0 ||| qw: Version: 0.1-a-119-g272c26d
     0 | D:1      | 0 ||| qw: Game counter: 10755
     0 | D:1      | 0 ||| qw: Always use a shield: true
     0 | D:1      | 0 ||| qw: Do Orc after D:15 true
     0 | D:1      | 0 ||| qw: Do second Lair branch before Depths: true
     0 | D:1      | 0 ||| qw: Lair rune preference: random
     0 | D:1      | 0 ||| qw: Plans: Normal
     0 | D:1      | 0 ||| PLANNING D:1-11
    31 | D:1      | 31 ||| Stepping ~*~*~tactically~*~*~ (stealth).
   209 | D:1      | Reached XP level 2. HP: 20/26 MP: 1/1
   634 | D:1      | 634 ||| DROPPING +0 club.
  1241 | D:1      | Reached XP level 3. HP: 31/31 MP: 2/2
  1432 | D:1      | 1432 ||| UPGRADING to +0 ring mail.
  1442 | D:1      | 1442 ||| DROPPING +0 animal skin.
  1443 | D:1      | 1443 ||| UPGRADING to amulet of guardian spirit.
  1448 | D:1      | 1448 ||| READING 2 scrolls labelled YLUNAO GOEG.
  1449 | D:1      | 1449 ||| READING scroll labelled GYRGHY NYAHI.
  1450 | D:1      | 1450 ||| READING scroll labelled MEL XEDUUFYU.
  1451 | D:1      | 1451 ||| READING scroll labelled QUEFFINECH.
  1511 | D:2      | Reached ** piety under Trog
  1607 | D:2      | 1607 ||| INVOKING Berserk.
  1644 | D:2      | 1644 ||| FLEEEEING.
  1646 | D:2      | 1646 ||| FLEEEEING.
  1709 | D:2      | 1709 ||| Stepping ~*~*~tactically~*~*~ (stealth).
  1710 | D:2      | 1710 ||| SWAPPING to +0 war axe.
  1711 | D:2      | 1711 ||| DROPPING +0 hand axe.
  1814 | D:2      | 1814 ||| INVOKING Berserk.
  2294 | D:2      | Reached skill level 6 in Axes
  2294 | D:2      | Reached XP level 4. HP: 39/39 MP: 3/3
  2387 | D:2      | 2387 ||| READING 2 scrolls labelled SEICVU DEIFO.
  2391 | D:2      | 2391 ||| READING 2 scrolls labelled KERASUMPE VUHE.
  2392 | D:2      | 2392 ||| READING scroll labelled PIEREU HEORED.
  2393 | D:2      | 2393 ||| READING scroll labelled SIADOK KOMA.
  2394 | D:2      | 2394 ||| READING 2 scrolls of identify.
  2394 | D:2      | 2394 ||| IDENTIFYING metallic sapphire potion
  2395 | D:2      | 2395 ||| DROPPING potion of lignification.
  2396 | D:2      | 2396 ||| DROPPING scroll of poison.
  2397 | D:2      | 2397 ||| READING scroll of teleportation.
  2583 | D:3      | Found a faded altar of an unknown god.
  3027 | D:3      | Found a runed translucent door.
  3028 | D:3      | Noticed Crazy Yiuf
  3193 | D:3      | 3193 ||| UPGRADING to +6 ring of dexterity.
  3194 | D:3      | 3194 ||| READING scroll labelled CUPHIB NEJ KYEWUE.
  3195 | D:3      | 3195 ||| DRINKING 2 smoky blue potions.
  3196 | D:3      | 3196 ||| DRINKING 2 fuming golden potions.
  3197 | D:3      | 3197 ||| DRINKING 2 bubbling silvery potions.
  3198 | D:3      | 3198 ||| DRINKING 2 sedimented golden potions.
  3199 | D:3      | 3199 ||| READING 3 scrolls of identify.
  3199 | D:3      | 3199 ||| IDENTIFYING purple potion
  3200 | D:3      | 3200 ||| READING 2 scrolls of identify.
  3200 | D:3      | 3200 ||| IDENTIFYING lumpy silvery potion
  3201 | D:3      | 3201 ||| DROPPING potion of flight.
  3202 | D:3      | 3202 ||| DROPPING potion of magic.
  3203 | D:3      | 3203 ||| DROPPING potion of degeneration.
  3225 | D:4      | 3225 ||| INVOKING Berserk.
  3232 | D:4      | Reached XP level 5. HP: 45/45 MP: 2/4
  3421 | D:4      | 3421 ||| Stepping ~*~*~tactically~*~*~ (hiding).
  3424 | D:4      | 3424 ||| INVOKING Berserk.
  3426 | D:4      | Reached skill level 4 in Fighting
  3548 | D:4      | 3548 ||| DROPPING +3 whip.
  3571 | D:4      | Noticed Grinder
  3573 | D:4      | 3573 ||| Stepping ~*~*~tactically~*~*~ (stealth).
  3579 | D:4      | 3579 ||| Stepping ~*~*~tactically~*~*~ (hiding).
  3580 | D:4      | 3580 ||| INVOKING Trog's Hand.
  3582 | D:4      | 3582 ||| INVOKING Berserk.
  3585 | D:4      | Killed Grinder
  3586 | D:4      | Reached XP level 6. HP: 52/52 MP: 5/5
  3779 | D:4      | 3779 ||| Stepping ~*~*~tactically~*~*~ (stealth).
  3822 | D:4      | 3822 ||| Stepping ~*~*~tactically~*~*~ (stealth).
  3837 | D:4      | Noticed Robin
  3843 | D:4      | 3843 ||| INVOKING Berserk.
  3847 | D:4      | Killed Robin
  3848 | D:4      | Reached skill level 9 in Axes
  3855 | D:4      | Reached skill level 5 in Fighting
  3855 | D:4      | Reached XP level 7. HP: 61/61 MP: 3/6
  4046 | D:4      | 4046 ||| Stepping ~*~*~tactically~*~*~ (stealth).
  4072 | D:4      | 4072 ||| Stepping ~*~*~tactically~*~*~ (stealth).
  4284 | D:4      | Noticed Natasha
  4285 | D:4      | 4285 ||| INVOKING Berserk.
  4287 | D:4      | Killed Natasha
  4454 | D:4      | 4454 ||| Stepping ~*~*~tactically~*~*~ (hiding).
  4455 | D:4      | 4455 ||| Stepping ~*~*~tactically~*~*~ (hiding).
  4613 | D:4      | Noticed Natasha
  4614 | D:4      | Reached *** piety under Trog
  4618 | D:4      | 4618 ||| INVOKING Berserk.
  4618 | D:4      | Killed Natasha
  4733 | D:4      | 4733 ||| UPGRADING to ring of poison resistance.
  4777 | D:5      | Entered Level 5 of the Dungeon
  4895 | D:5      | 4895 ||| DRINKING 2 potions of curing.
  4895 | D:5      | 4895 ||| (to cure confusion)
  4898 | D:5      | Reached skill level 3 in Dodging
  4899 | D:5      | 4899 ||| INVOKING Berserk.
  4932 | D:5      | 4932 ||| Stepping ~*~*~tactically~*~*~ (stealth).
  4941 | D:5      | 4941 ||| Stepping ~*~*~tactically~*~*~ (stealth).
  5019 | D:5      | Reached skill level 1 in Throwing
  5038 | D:5      | 5038 ||| Stepping ~*~*~tactically~*~*~ (stealth).
  5045 | D:5      | 5045 ||| Stepping ~*~*~tactically~*~*~ (hiding).
  5051 | D:5      | Reached XP level 8. HP: 70/70 MP: 7/7
  5178 | D:5      | 5178 ||| INVOKING Berserk.
  5181 | D:5      | Reached skill level 6 in Fighting
  5314 | D:5      | Found a blossoming altar of Fedhas.
  5391 | D:5      | Noticed Blork the orc
  5393 | D:5      | 5393 ||| INVOKING Berserk.
  5397 | D:5      | Killed Blork the orc
  5571 | D:5      | 5571 ||| Stepping ~*~*~tactically~*~*~ (hiding).
  5585 | D:5      | 5585 ||| Stepping ~*~*~tactically~*~*~ (stealth).
  5589 | D:5      | 5589 ||| INVOKING Berserk.
  5757 | D:5      | Found a broken altar of Ashenzari.
  5875 | D:5      | 5875 ||| READING scroll labelled XYISANKASTU.
  5976 | D:5      | 5976 ||| DRINKING 2 smoky inky potions.
  5983 | D:6      | 5983 ||| PLANNING OSSUARY
  6161 | D:6      | Found a sand-covered staircase.
  6172 | Ossuary  | Entered an ossuary
  6442 | Ossuary  | 6442 ||| READING scroll labelled ZIHUULO JOA.
  6443 | Ossuary  | 6443 ||| DRINKING 4 pink potions.
  6444 | Ossuary  | 6444 ||| DRINKING 3 silvery potions.
  6445 | Ossuary  | 6445 ||| DROPPING 3 potions of attraction.
  6469 | D:6      | 6469 ||| PLANNING D:1-11
  6576 | D:6      | Found a stormy altar of Qazlal.
  6586 | D:6      | Noticed Eustachio
  6587 | D:6      | 6587 ||| Stepping ~*~*~tactically~*~*~ (stealth).
  6589 | D:6      | 6589 ||| INVOKING Berserk.
  6594 | D:6      | Killed Eustachio
  6595 | D:6      | Reached skill level 12 in Axes
  6977 | D:6      | Noticed Prince Ribbit
  6977 | D:6      | Noticed Menkaure
  6980 | D:6      | 6980 ||| INVOKING Berserk.
  6983 | D:6      | HP: 20/106 [orc warrior/+0 scimitar (16)]
  6988 | D:6      | Killed Menkaure
  6991 | D:6      | Killed Prince Ribbit
  6992 | D:6      | Reached skill level 7 in Fighting
  6992 | D:6      | Reached XP level 9. HP: 23/79 MP: 2/8
  7889 | D:6      | 7889 ||| DROPPING +0 robe of fire resistance.
  7890 | D:6      | 7890 ||| UPGRADING to +0 plate armour.
  7900 | D:6      | 7900 ||| DROPPING +0 ring mail.
  7901 | D:6      | 7901 ||| READING 3 scrolls of enchant armour.
  7901 | D:6      | 7901 ||| ENCHANTING +0 plate armour.
  7902 | D:6      | 7902 ||| READING 2 scrolls of enchant armour.
  7902 | D:6      | 7902 ||| ENCHANTING +1 plate armour.
  7903 | D:6      | 7903 ||| READING scroll of enchant armour.
  7903 | D:6      | 7903 ||| ENCHANTING +2 plate armour.
  7905 | D:6      | 7905 ||| READING scroll labelled ZACRUPP HUYPPE.
  7906 | D:6      | 7906 ||| READING 3 scrolls of identify.
  7906 | D:6      | 7906 ||| IDENTIFYING metallic coppery potion
  7962 | D:6      | 7962 ||| READING 2 scrolls of identify.
  7962 | D:6      | 7962 ||| IDENTIFYING brown potion
  7963 | D:6      | 7963 ||| DRINKING potion of experience.
  7963 | D:6      | Reached XP level 10. HP: 86/86 MP: 9/9
  7975 | D:6      | 7975 ||| DROPPING potion of ambrosia.
  8073 | D:7      | 8073 ||| Stepping ~*~*~tactically~*~*~ (hiding).
  8160 | D:7      | Identified the ring "Butadoge" {rPois Str+3 Int+6}
  8162 | D:7      | 8162 ||| DROPPING +1 mace of protection.
  8173 | D:7      | 8173 ||| Stepping ~*~*~tactically~*~*~ (hiding).
  8175 | D:7      | 8175 ||| Stepping ~*~*~tactically~*~*~ (hiding).
  8176 | D:7      | 8176 ||| Stepping ~*~*~tactically~*~*~ (hiding).
  8177 | D:7      | 8177 ||| Stepping ~*~*~tactically~*~*~ (hiding).
  8286 | D:7      | Noticed a two-headed ogre
  8288 | D:7      | 8288 ||| INVOKING Berserk.
  8294 | D:7      | Killed a two-headed ogre
  8411 | D:7      | Noticed Maggie
  8427 | D:7      | Killed Maggie
  8427 | D:7      | Reached **** piety under Trog
  8537 | D:7      | 8537 ||| SWAPPING to +4 vorpal war axe.
  8538 | D:7      | 8538 ||| DROPPING +0 war axe of chaos.
  8554 | D:7      | Identified the +1 ring mail of the Evening Star {rElec}
  8565 | D:7      | 8565 ||| Stepping ~*~*~tactically~*~*~ (hiding).
  8698 | D:7      | Reached skill level 8 in Fighting
  9031 | D:7      | Found a staircase to the Ecumenical Temple.
  9078 | D:7      | 9078 ||| UPGRADING to +0 buckler.
  9086 | D:7      | Reached skill level 1 in Shields
  9423 | D:7      | 9423 ||| DROPPING amulet of magic regeneration.
  9424 | D:7      | 9424 ||| UPGRADING to ring "Butadoge" {rPois Str+3 Int+6}.
  9426 | D:7      | 9426 ||| REMOVING ring of poison resistance.
  9427 | D:7      | 9427 ||| DROPPING ring of poison resistance.
  9428 | D:7      | 9428 ||| UPGRADING to +6 ring of dexterity.
  9429 | D:7      | 9429 ||| READING 2 scrolls of identify.
  9429 | D:7      | 9429 ||| IDENTIFYING sedimented grey potion
  9430 | D:7      | 9430 ||| DROPPING potion of berserk rage.
  9555 | D:8      | 9555 ||| Stepping ~*~*~tactically~*~*~ (hiding).
  9699 | D:8      | Found a sparkling altar of Nemelex Xobeh.
  9708 | D:8      | 9708 ||| Stepping ~*~*~tactically~*~*~ (hiding).
  9712 | D:8      | 9712 ||| Stepping ~*~*~tactically~*~*~ (hiding).
  9766 | D:8      | Noticed Erica
  9767 | D:8      | 9767 ||| Stepping ~*~*~tactically~*~*~ (hiding).
  9771 | D:8      | 9771 ||| INVOKING Berserk.
  9774 | D:8      | Killed Erica
  9971 | D:8      | Noticed Psyche
 10003 | D:8      | Killed Psyche
 10288 | D:8      | Noticed Grum
 10289 | D:8      | 10289 ||| Stepping ~*~*~tactically~*~*~ (hiding).
 10294 | D:8      | 10294 ||| INVOKING Berserk.
 10296 | D:8      | Killed Grum
 10471 | D:8      | You fall into a shaft and drop 2 floors!
 10471 | D:10     | Entered Level 10 of the Dungeon
 10487 | D:10     | Identified the +0 ring mail of Tash {rElec Dex+7}
 10527 | D:10     | 10527 ||| Stepping ~*~*~tactically~*~*~ (stealth).
 10603 | D:10     | 10603 ||| Stepping ~*~*~tactically~*~*~ (stealth).
 10693 | D:10     | Found a staircase to the Orcish Mines.
 10694 | D:10     | 10694 ||| Stepping ~*~*~tactically~*~*~ (stealth).
 10712 | D:10     | Reached XP level 11. HP: 75/94 MP: 7/10
 10860 | D:10     | 10860 ||| READING scroll labelled HIMOEZ YRYBB.
 10861 | D:10     | 10861 ||| READING scroll labelled DULAQU MA SIPT.
 10932 | D:9      | 10932 ||| Stepping ~*~*~tactically~*~*~ (stealth).
 10933 | D:9      | 10933 ||| Stepping ~*~*~tactically~*~*~ (stealth).
 11025 | D:9      | 11025 ||| UPGRADING to +1 pair of gloves of stealth.
 11030 | D:9      | 11030 ||| DROPPING ring of positive energy.
 11031 | D:9      | 11031 ||| READING 2 scrolls of identify.
 11031 | D:9      | 11031 ||| IDENTIFYING yellow potion
 11032 | D:9      | 11032 ||| DROPPING potion of brilliance.
 11325 | D:9      | Noticed qw's ghost (novice MiBe)
 11385 | D:9      | Found a shimmering blue altar of Sif Muna.
 11385 | D:9      | Found a faded altar of an unknown god.
 11393 | D:9      | Found a faded altar of an unknown god.
 11395 | D:9      | Found an ancient bone altar of Kikubaaqudgha.
 11397 | D:9      | Found an opulent altar of Gozag.
 11549 | D:9      | Found a runed translucent gate.
 11549 | D:9      | Found a runed translucent gate.
 11550 | D:9      | Found a runed translucent gate.
 11790 | D:9      | 11790 ||| Stepping ~*~*~tactically~*~*~ (hiding).
 11792 | D:9      | 11792 ||| INVOKING Berserk.
 11805 | D:9      | Reached ***** piety under Trog
 11972 | D:9      | 11972 ||| Stepping ~*~*~tactically~*~*~ (stealth).
 11976 | D:9      | 11976 ||| INVOKING Berserk.
 11990 | D:9      | 11990 ||| Stepping ~*~*~tactically~*~*~ (stealth).
 12008 | D:9      | 12008 ||| INVOKING Brothers in Arms.
 12009 | D:9      | 12009 ||| INVOKING Brothers in Arms.
 12025 | D:9      | HP: 17/94 [wyvern (9)]
 12026 | D:9      | 12026 ||| READING 7 scrolls of teleportation.
 12027 | D:9      | 12027 ||| DRINKING 3 potions of heal wounds.
 12360 | D:9      | 12360 ||| INVOKING Berserk.
 12363 | D:9      | Reached skill level 15 in Axes
 12492 | D:9      | Found a staircase to the Lair.
 12646 | D:9      | 12646 ||| PLANNING LAIR
 12646 | D:9      | 12646 ||| UPGRADING to +0 kite shield.
 12656 | D:9      | 12656 ||| DROPPING +0 buckler.
 12657 | D:9      | 12657 ||| UPGRADING to ring of see invisible.
 12737 | Lair:1   | Entered Level 1 of the Lair of Beasts
 12801 | Lair:1   | 12801 ||| INVOKING Berserk.
 12822 | Lair:1   | Reached skill level 6 in Shields
 12914 | Lair:1   | 12914 ||| INVOKING Berserk.
 13032 | Lair:1   | 13032 ||| INVOKING Berserk.
 13204 | Lair:1   | 13204 ||| INVOKING Berserk.
 13367 | Lair:1   | 13367 ||| INVOKING Berserk.
 13419 | Lair:1   | 13419 ||| INVOKING Berserk.
 13572 | Lair:1   | Noticed a catoblepas
 13575 | Lair:1   | 13575 ||| Stepping ~*~*~tactically~*~*~ (cloud).
 13576 | Lair:1   | 13576 ||| Stepping ~*~*~tactically~*~*~ (cloud).
 13577 | Lair:1   | 13577 ||| INVOKING Berserk.
 13588 | Lair:1   | Killed a catoblepas
 13843 | Lair:1   | Reached skill level 9 in Shields
 14059 | Lair:1   | 14059 ||| DROPPING +0 flail.
 14318 | Lair:2   | 14318 ||| INVOKING Berserk.
 14325 | Lair:2   | 14325 ||| STAIRDANCE
 14435 | Lair:2   | 14435 ||| INVOKING Berserk.
 14722 | Lair:2   | Reached XP level 12. HP: 103/103 MP: 11/11
 14722 | Lair:2   | Found a runed translucent gate.
 14722 | Lair:2   | Found a runed translucent gate.
 14722 | Lair:2   | Found a runed translucent gate.
 14723 | Lair:2   | Noticed qw's ghost (journeyman MiBe)
 14727 | Lair:2   | Noticed a 12-headed hydra
 14893 | Lair:2   | 14893 ||| FLEEEEING.
 14894 | Lair:2   | 14894 ||| FLEEEEING.
 14895 | Lair:2   | 14895 ||| FLEEEEING.
 14896 | Lair:2   | 14896 ||| FLEEEEING.
 14897 | Lair:2   | 14897 ||| FLEEEEING.
 14899 | Lair:2   | 14899 ||| FLEEEEING.
 14900 | Lair:2   | 14900 ||| FLEEEEING.
 14902 | Lair:2   | 14902 ||| INVOKING Berserk.
 15142 | Lair:2   | Noticed a 12-headed hydra
 15479 | Lair:2   | 15479 ||| UPGRADING to +0 cloak.
 15495 | Lair:3   | 15495 ||| Stepping ~*~*~tactically~*~*~ (hiding).
 15498 | Lair:3   | Noticed Amaemon
 15505 | Lair:3   | 15505 ||| INVOKING Berserk.
 15508 | Lair:3   | Reached skill level 9 in Fighting
 15515 | Lair:3   | Killed Amaemon
 15626 | Lair:3   | 15626 ||| DROPPING +0 morningstar.
 15685 | Lair:3   | 15685 ||| INVOKING Berserk.
 15829 | Lair:3   | Found a staircase to the Shoals.
 16002 | Lair:3   | Noticed Sonja
 16028 | Lair:3   | Killed Sonja
 16226 | Lair:3   | 16226 ||| INVOKING Berserk.
 16550 | Lair:3   | Found a hole to the Spider Nest.
 16613 | Lair:3   | 16613 ||| DRINKING potion of cancellation.
 16670 | Lair:3   | Noticed Gastronok
 16671 | Lair:3   | 16671 ||| Stepping ~*~*~tactically~*~*~ (hiding).
 16675 | Lair:3   | 16675 ||| INVOKING Berserk.
 16679 | Lair:3   | Killed Gastronok
 16680 | Lair:3   | Reached skill level 10 in Fighting
 17034 | Lair:3   | 17034 ||| READING scroll of enchant armour.
 17034 | Lair:3   | 17034 ||| ENCHANTING +1 pair of gloves of stealth.
 17272 | Lair:3   | 17272 ||| UPGRADING to +1 hat of willpower.
 17343 | Lair:4   | 17343 ||| INVOKING Berserk.
 17501 | Lair:4   | Noticed a boulder beetle
 17507 | Lair:4   | 17507 ||| INVOKING Berserk.
 17517 | Lair:4   | Killed a boulder beetle
 17599 | Lair:4   | Noticed a boulder beetle
 17604 | Lair:4   | 17604 ||| INVOKING Berserk.
 17616 | Lair:4   | Killed a boulder beetle
 17713 | Lair:4   | 17713 ||| INVOKING Berserk.
 17936 | Lair:4   | Noticed a death yak
 17940 | Lair:4   | Noticed a death yak
 17941 | Lair:4   | 17941 ||| INVOKING Berserk.
 17944 | Lair:4   | Noticed a death yak
 17946 | Lair:4   | Killed a death yak
 17952 | Lair:4   | Killed a death yak
 17952 | Lair:4   | Killed a death yak
 17953 | Lair:4   | Reached skill level 11 in Fighting
 18110 | Lair:4   | 18110 ||| INVOKING Berserk.
 18231 | Lair:4   | 18231 ||| Stepping ~*~*~tactically~*~*~ (stealth).
 18232 | Lair:4   | 18232 ||| Stepping ~*~*~tactically~*~*~ (stealth).
 18513 | Lair:4   | Reached skill level 12 in Shields
 18774 | Lair:4   | 18774 ||| DROPPING +6 ring of dexterity.
 18796 | Lair:5   | Entered Level 5 of the Lair of Beasts
 18805 | Lair:5   | 18805 ||| Stepping ~*~*~tactically~*~*~ (stealth).
 18822 | Lair:5   | Reached XP level 13. HP: 107/116 MP: 12/12
 18890 | Lair:5   | 18890 ||| INVOKING Berserk.
 18935 | Lair:5   | Reached skill level 12 in Fighting
 18959 | Lair:5   | 18959 ||| INVOKING Berserk.
 19058 | Lair:5   | 19058 ||| FLEEEEING.
 19059 | Lair:5   | 19059 ||| FLEEEEING.
 19060 | Lair:5   | 19060 ||| FLEEEEING.
 19061 | Lair:5   | 19061 ||| FLEEEEING.
 19062 | Lair:5   | 19062 ||| FLEEEEING.
 19063 | Lair:5   | 19063 ||| FLEEEEING.
 19064 | Lair:5   | 19064 ||| FLEEEEING.
 19065 | Lair:5   | 19065 ||| FLEEEEING.
 19066 | Lair:5   | 19066 ||| FLEEEEING.
 19067 | Lair:5   | 19067 ||| FLEEEEING.
 19068 | Lair:5   | 19068 ||| FLEEEEING.
 19069 | Lair:5   | 19069 ||| FLEEEEING.
 19070 | Lair:5   | 19070 ||| FLEEEEING.
 19071 | Lair:5   | 19071 ||| FLEEEEING.
 19072 | Lair:5   | 19072 ||| FLEEEEING.
 19073 | Lair:5   | 19073 ||| STAIRDANCE
 19154 | Lair:5   | 19154 ||| INVOKING Berserk.
 19166 | Lair:5   | 19166 ||| STAIRDANCE
 19276 | Lair:5   | 19276 ||| INVOKING Berserk.
 19283 | Lair:5   | 19283 ||| STAIRDANCE
 19395 | Lair:5   | 19395 ||| Stepping ~*~*~tactically~*~*~ (stealth).
 19397 | Lair:5   | 19397 ||| Stepping ~*~*~tactically~*~*~ (stealth).
 19432 | Lair:5   | 19432 ||| Stepping ~*~*~tactically~*~*~ (stealth).
 19479 | Lair:5   | 19479 ||| INVOKING Berserk.
 19598 | Lair:5   | 19598 ||| Stepping ~*~*~tactically~*~*~ (stealth).
 19600 | Lair:5   | 19600 ||| Stepping ~*~*~tactically~*~*~ (stealth).
 19838 | Lair:5   | Found a viscous altar of Jiyva.
 19838 | Lair:5   | Found a staircase to the Slime Pits.
 19906 | Lair:5   | 19906 ||| INVOKING Berserk.
 19934 | Lair:5   | 19934 ||| Stepping ~*~*~tactically~*~*~ (stealth).
 19935 | Lair:5   | 19935 ||| Stepping ~*~*~tactically~*~*~ (stealth).
 19937 | Lair:5   | 19937 ||| INVOKING Brothers in Arms.
 19938 | Lair:5   | 19938 ||| INVOKING Brothers in Arms.
 19939 | Lair:5   | 19939 ||| INVOKING Brothers in Arms.
 19940 | Lair:5   | 19940 ||| INVOKING Brothers in Arms.
 19941 | Lair:5   | 19941 ||| SWAPPING to +0 demon whip of venom.
 19945 | Lair:5   | Reached skill level 13 in Fighting
 19945 | Lair:5   | 19945 ||| SWAPPING to +4 vorpal war axe.
 20136 | Lair:5   | 20136 ||| Stepping ~*~*~tactically~*~*~ (stealth).
 20137 | Lair:5   | 20137 ||| Stepping ~*~*~tactically~*~*~ (stealth).
 20140 | Lair:5   | 20140 ||| Stepping ~*~*~tactically~*~*~ (stealth).
 20147 | Lair:5   | 20147 ||| Stepping ~*~*~tactically~*~*~ (stealth).
 20148 | Lair:5   | 20148 ||| Stepping ~*~*~tactically~*~*~ (stealth).
 20151 | Lair:5   | 20151 ||| Stepping ~*~*~tactically~*~*~ (stealth).
 20446 | Lair:5   | 20446 ||| INVOKING Berserk.
 20571 | Lair:5   | 20571 ||| Stepping ~*~*~tactically~*~*~ (stealth).
 20584 | Lair:5   | 20584 ||| INVOKING Berserk.
 20609 | Lair:5   | 20609 ||| Stepping ~*~*~tactically~*~*~ (stealth).
 20723 | Lair:5   | Identified the ring "Iblyenn" {Fly rF+}
 20895 | Lair:5   | 20895 ||| PLANNING D:1-11
 20895 | Lair:5   | 20895 ||| DROPPING ring of fire.
 20896 | Lair:5   | 20896 ||| UPGRADING to ring "Iblyenn" {Fly rF+}.
 20898 | Lair:5   | 20898 ||| DROPPING ring of see invisible.
 20899 | Lair:5   | 20899 ||| READING scroll labelled ONKUF SOJE.
 21134 | D:10     | 21134 ||| Stepping ~*~*~tactically~*~*~ (stealth).
 21323 | D:10     | Found a sacrificial altar of Ru.
 21356 | D:10     | Noticed Harold
 21362 | D:10     | 21362 ||| INVOKING Berserk.
 21367 | D:10     | Killed Harold
 21368 | D:10     | Reached skill level 3 in Throwing
 21487 | D:10     | Identified the +1 leather armour "Jydaizeo" {rPois rF-
                  | Will++ SInv}
 21574 | D:10     | Found an iron altar of Okawaru.
 22033 | D:11     | Noticed Nergalle
 22034 | D:11     | 22034 ||| INVOKING Berserk.
 22042 | D:11     | Killed Nergalle
 22335 | D:11     | 22335 ||| INVOKING Berserk.
 22339 | D:11     | Reached skill level 14 in Fighting
 22643 | D:11     | 22643 ||| Stepping ~*~*~tactically~*~*~ (stealth).
 22663 | D:11     | 22663 ||| INVOKING Berserk.
 23076 | D:11     | 23076 ||| PLANNING D
 23091 | D:12     | 23091 ||| STAIRDANCE
 23097 | D:11     | Reached skill level 6 in Dodging
 23156 | D:12     | 23156 ||| STAIRDANCE
 23474 | D:12     | 23474 ||| Stepping ~*~*~tactically~*~*~ (hiding).
 23607 | D:12     | 23607 ||| Stepping ~*~*~tactically~*~*~ (hiding).
 23608 | D:12     | 23608 ||| Stepping ~*~*~tactically~*~*~ (hiding).
 23668 | D:12     | 23668 ||| Stepping ~*~*~tactically~*~*~ (stealth).
 23669 | D:12     | 23669 ||| Stepping ~*~*~tactically~*~*~ (stealth).
 23670 | D:12     | 23670 ||| Stepping ~*~*~tactically~*~*~ (stealth).
 24073 | D:12     | Noticed Nessos
 24074 | D:12     | 24074 ||| Stepping ~*~*~tactically~*~*~ (hiding).
 24079 | D:12     | 24079 ||| Stepping ~*~*~tactically~*~*~ (hiding).
 24085 | D:12     | Killed Nessos
 24086 | D:12     | Reached XP level 14. HP: 117/133 MP: 13/13
 24524 | D:13     | 24524 ||| INVOKING Brothers in Arms.
 24528 | D:13     | 24528 ||| INVOKING Berserk.
 24982 | D:13     | Found a bloodstained altar of Trog.
 25018 | D:13     | 25018 ||| INVOKING Berserk.
 25357 | D:13     | 25357 ||| READING scroll of enchant armour.
 25357 | D:13     | 25357 ||| ENCHANTING +1 hat of willpower.
 25515 | D:13     | 25515 ||| UPGRADING to +1 kite shield of protection.
 25525 | D:13     | 25525 ||| DROPPING +0 kite shield.
 25573 | D:14     | Reached skill level 15 in Fighting
 25614 | D:14     | Identified the +0 spear of Jocikel {vorpal, Fragile rPois
                  | rCorr}
 25661 | D:14     | Found a gate to the Vaults.
 25662 | D:14     | 25662 ||| Stepping ~*~*~tactically~*~*~ (hiding).
 25673 | D:14     | Reached skill level 6 in Throwing
 25878 | D:14     | 25878 ||| INVOKING Berserk.
 26067 | D:14     | 26067 ||| READING scroll of enchant armour.
 26067 | D:14     | 26067 ||| ENCHANTING +0 cloak.
 26410 | D:14     | 26410 ||| READING scroll labelled HYOPLU QENG.
 26416 | D:15     | Entered Level 15 of the Dungeon
 26464 | D:15     | 26464 ||| Stepping ~*~*~tactically~*~*~ (stealth).
 26722 | D:15     | 26722 ||| Stepping ~*~*~tactically~*~*~ (stealth).
 26724 | D:15     | 26724 ||| Stepping ~*~*~tactically~*~*~ (hiding).
 26725 | D:15     | 26725 ||| Stepping ~*~*~tactically~*~*~ (hiding).
 26773 | D:15     | 26773 ||| INVOKING Berserk.
 26775 | D:15     | Reached skill level 15 in Shields
 26911 | D:15     | Noticed Josephine
 26912 | D:15     | 26912 ||| Stepping ~*~*~tactically~*~*~ (hiding).
 26928 | D:15     | 26928 ||| INVOKING Berserk.
 26929 | D:15     | Killed Josephine
 27316 | D:15     | 27316 ||| INVOKING Trog's Hand.
 27317 | D:15     | 27317 ||| INVOKING Berserk.
 27431 | D:15     | 27431 ||| INVOKING Trog's Hand.
 27432 | D:15     | 27432 ||| INVOKING Berserk.
 27453 | D:15     | 27453 ||| Stepping ~*~*~tactically~*~*~ (stealth).
 27478 | D:15     | 27478 ||| Stepping ~*~*~tactically~*~*~ (stealth).
 27503 | D:15     | Reached skill level 16 in Fighting
 27524 | D:15     | Found a staircase to the Depths.
 27695 | D:15     | 27695 ||| INVOKING Trog's Hand.
 27699 | D:15     | 27699 ||| INVOKING Berserk.
 28009 | D:15     | 28009 ||| PLANNING ORC
 28139 | Orc:1    | Entered Level 1 of the Orcish Mines
 28332 | Orc:2    | Entered Level 2 of the Orcish Mines
 28332 | Orc:2    | Found a staircase to the Elven Halls.
 28334 | Orc:2    | Noticed an orc warlord
 28335 | Orc:2    | 28335 ||| INVOKING Trog's Hand.
 28336 | Orc:2    | Found Rynaf's Antique Weapon Boutique.
 28340 | Orc:2    | 28340 ||| INVOKING Berserk.
 28354 | Orc:2    | Killed an orc warlord
 28365 | Orc:2    | Reached XP level 15. HP: 58/145 MP: 5/14
 28368 | Orc:2    | HP: 50/217 [orc warrior/+0 glaive (11)]
 28370 | Orc:2    | HP: 23/146 [orc high priest/divine providence (11)]
 28371 | Orc:2    | 28371 ||| READING 12 scrolls of teleportation.
 28372 | Orc:2    | 28372 ||| DRINKING 2 potions of heal wounds.
 28372 | Orc:2    | Noticed Maurice
 28373 | Orc:2    | 28373 ||| DRINKING potion of heal wounds.
 28374 | Orc:2    | Found Vyly's General Store.
 28375 | Orc:2    | 28375 ||| INVOKING Trog's Hand.
 28380 | Orc:2    | HP: 34/144 [orc high priest/divine providence (7)]
 28381 | Orc:2    | 28381 ||| READING 11 scrolls of teleportation.
 28381 | Orc:2    | HP: 14/144 [orc high priest/+0 halberd (3)]
 28385 | Orc:2    | 28385 ||| READING 10 scrolls of teleportation.
 28388 | Orc:2    | Found Zaitipn's Jewellery Shoppe.
 28388 | Orc:2    | Noticed Donald
 28389 | Orc:2    | 28389 ||| READING 9 scrolls of teleportation.
 28393 | Orc:2    | 28393 ||| READING 8 scrolls of teleportation.
 28397 | Orc:2    | Reached skill level 17 in Fighting
 28397 | Orc:2    | 28397 ||| INVOKING Berserk.
 28397 | Orc:2    | HP: 37/220 [Donald/+2 scimitar of holy wrath (15)]
 28412 | Orc:2    | HP: 33/147 [something (3)]
 28417 | Orc:2    | HP: 32/147 [Maurice/+0 glaive (3)]
 28418 | Orc:2    | 28418 ||| READING 7 scrolls of teleportation.
 28420 | Orc:2    | 28420 ||| READING 6 scrolls of teleportation.
 28422 | Orc:2    | Slain by Donald

Levels and vault maps discovered:
D:1:      dpeg_arrival_short_road, layout_basic
D:2:      layout_loops_ring
D:3:      layout_basic, shapermc_ecumenical_altar_venn, uniq_crazy_yiuf_cottage
D:4:      layout_loops_cross, hangedman_minor_gate_pass, uniq_robin,
          uniq_natasha, uniq_grinder
D:5:      layout_rooms, lemuel_doored_altar, nicolae_overflow_hidden_temple,
          uniq_blork_the_orc
D:6:      layout_layer_cave, general_overflow_altar, enter_ossuary_4,
          uniq_eustachio, uniq_menkaure, uniq_prince_ribbit1
D:7:      layout_basic, minmay_temple_entry_junction_2, uniq_maggie
D:8:      layout_loops_cross, nemelex_xobeh_ov_fountains_minmay,
          kennysheep_big_empty_room, minmay_misc_feat_alley, uniq_erica,
          uniq_psyche, uniq_grum
D:9:      layout_loops_ring, chequers_temple_overflow_minitemple,
          erik_lair_dragon, gammafunk_ghost_icy
D:10:     layout_loops_ring, amcnicky_altar_gilded, lemuel_round_altar,
          orc_0_dummy, chequers_decorated_corner, serial_bayou_pond_d,
          serial_bayou_pond_e, kennysheep_generic_room_14, uniq_harold
D:11:     layout_stronghold, serial_bayou, serial_bayou_crossing,
          serial_bayou_shore_a, serial_bayou_lake_a, serial_bayou_pond_a,
          uniq_nergalle
D:12:     layout_gridville, uniq_nessos
D:13:     hellmonk_destroyed_diamonds, layout_irregular_city, bloody_trog
D:14:     layout_irregular_city, david_vaults_1
D:15:     grunt_enter_depths_magical_seal, layout_stronghold, uniq_josephine
Lair:1:   layout_hall_layers, amcnicky_mini_pool_medium, grunt_megastairs_1
Lair:2:   layout_gridlike, gammafunk_ghost_hydra_chop, patterned_corridor
Lair:3:   layout_regular_city, shoals_dummy_entry, spider_nest_entry_rubble,
          st_stairs_6, lemuel_fruit_tree, uniq_sonja, uniq_amaemon,
          uniq_gastronok
Lair:4:   layout_regular_city, grunt_megastairs_3
Lair:5:   minmay_lair_end_enchanted_forest, layout_concentric_octagons,
          slime_entry_1
Orc:1:    layout_caves
Orc:2:    grunt_orc_gardens, layout_caves, grunt_orc_garden, grunt_orc_garden,
          grunt_orc_garden, grunt_orc_garden, sword_in_stone, uniq_jorgrun,
          uniq_maurice, uniq_azrael, uniq_donald

Skill      XL: |  1  2  3  4  5  6  7  8  9 10 11 12 13 14 15 |
---------------+----------------------------------------------+-----
Axes           | 4 5 6 8 9 10 12 13 15 16 | 16.0
Fighting       | 4 5 7 8 11 14 16 17 | 17.0
Dodging        | 3 4 6 7 |  7.0
Throwing       | 1 2 3 7 |  7.0
Armour         | 13 14 | 14.0
Shields        | 5 10 12 14 15 | 15.0

Action                   |  1- 3 |  4- 6 |  7- 9 | 10-12 | 13-15 || total
-------------------------+-------+-------+-------+-------+-------++-------
Melee: Hand axe          |    83 |       |       |       |       ||    83
       Headbutt          |     8 |    13 |    21 |   102 |   134 ||   278
       War axe           |    14 |    77 |   125 |   480 |   694 ||  1390
       Punch             |     1 |       |       |     1 |       ||     2
       Demon whip        |       |       |       |       |     3 ||     3
Throw: Boomerang         |       |       |    33 |     6 |    24 ||    63
       Javelin           |       |       |       |       |    41 ||    41
Invok: Berserk           |     2 |     4 |     8 |    26 |    22 ||    62
       Trog's Hand       |       |     1 |       |       |     5 ||     6
       Brothers in Arms  |       |       |       |     1 |     2 ||     3
  Use: Scroll            |     4 |     9 |     8 |     6 |    11 ||    38
       Potion            |       |     4 |     5 |     2 |     2 ||    13
Armor: Animal skin       |     7 |       |       |       |       ||     7
       Ring mail         |     1 |    17 |    25 |       |       ||    43
       Plate armour      |       |       |       |   192 |   281 ||   473
Dodge: Dodged            |    32 |    37 |    48 |   119 |   154 ||   390
Block: Buckler           |       |       |       |    34 |       ||    34
       Kite shield       |       |       |       |   109 |   345 ||   454

Table legend:
 A = Non-vault XP
 B = Vault XP
 C = Vault XP percentage of total XP
 D = Non-vault monster count
 E = Vault monster count
 F = Vault count percentage of total count
                 A         B        C        D         E       F
            +---------+---------+-------+---------+---------+-------
      Total |   65754 |   37361 |  36.2 |     366 |     154 |  29.6
            +---------+---------+-------+---------+---------+-------
        D:1 |      44 |       0 |   0.0 |      25 |       0 |   0.0
        D:2 |      62 |       0 |   0.0 |      17 |       0 |   0.0
        D:3 |      37 |       0 |   0.0 |       9 |       0 |   0.0
        D:4 |     342 |     360 |  51.3 |      29 |      24 |  45.3
        D:5 |     863 |     106 |  10.9 |      24 |       1 |   4.0
        D:6 |     420 |     521 |  55.4 |       6 |       5 |  45.5
        D:7 |    1587 |     404 |  20.3 |      21 |       1 |   4.5
        D:8 |     852 |    1641 |  65.8 |      17 |       5 |  22.7
        D:9 |     744 |    2110 |  73.9 |      20 |       7 |  25.9
       D:10 |    2686 |     873 |  24.5 |      18 |       1 |   5.3
       D:11 |    6445 |     767 |  10.6 |      28 |       1 |   3.4
       D:12 |    3746 |    1065 |  22.1 |      26 |       1 |   3.7
       D:13 |    8195 |       0 |   0.0 |      13 |       0 |   0.0
       D:14 |    5145 |    1505 |  22.6 |      12 |       3 |  20.0
       D:15 |   11758 |    5669 |  32.5 |      21 |      13 |  38.2
     Lair:1 |    3895 |     761 |  16.3 |      12 |       4 |  25.0
     Lair:2 |    3303 |       0 |   0.0 |      15 |       0 |   0.0
     Lair:3 |    2820 |    4069 |  59.1 |       9 |       6 |  40.0
     Lair:4 |    7206 |     916 |  11.3 |      23 |       3 |  11.5
     Lair:5 |    5083 |    8811 |  63.4 |      13 |      45 |  77.6
      Orc:1 |     348 |       0 |   0.0 |       7 |       0 |   0.0
      Orc:2 |     173 |    7630 |  97.8 |       1 |      18 |  94.7
    Ossuary |       0 |     153 | 100.0 |       0 |      16 | 100.0
            +---------+---------+-------+---------+---------+-------
